 Dungeon Crawl Stone Soup version 0.14-a0-181-gf6fe0c6 (webtiles) character file.

317 Leibowitz the Ducker (level 4, 0/35 HPs)
             Began as a Merfolk Gladiator on Oct 7, 2013.
             Slain by a lemure (5 damage)
             ... summoned by Eustachio
             ... on Level 4 of the Dungeon.
             The game lasted 00:08:37 (2150 turns).

Leibowitz the Ducker (Merfolk Gladiator)            Turns: 2150, Time: 00:08:39

HP   0/35        AC  4     Str 20      XL: 4   Next: 77%
MP   3/3         EV 18     Int  7      God:
Gold 215         SH  0     Dex 15      Spells:  0 memorised,  3 levels left

Res.Fire  : . . .   See Invis. : .   a - +0 trident
Res.Cold  : . . .   Warding    : .   b - +0 leather armour
Life Prot.: . . .   Conserve   : .   (no shield)
Res.Poison: .       Res.Corr.  : .   c - +0 helmet
Res.Elec. : .       Clarity    : .   (no cloak)
Sust.Abil.: + .     Spirit.Shd : .   (no gloves)
Res.Mut.  : +       Stasis     : .   s - melded +0 pair of boots
Res.Rott. : .       Flight     : .   E - amulet of resist mutation {unknown}
Saprovore : . . .                    (no ring)
                                     m - ring of sustain abilities

@: mighty, very quick, slightly resistant to hostile enchantments, stealthy
A: change form in water, swift swim
a: no special abilities


You were on level 4 of the Dungeon.
You were not hungry.

You visited 1 branch of the dungeon, and saw 4 of its levels.

You collected 195 gold pieces.

Inventory:

Hand weapons
 a - a +0,+0 trident (weapon)
 y - a +0,+0 trident
Armour
 b - a +0 leather armour (worn)
 c - a +0 helmet (worn)
 s - a +0 pair of boots (melded)
Comestibles
 f - 4 bread rations
 n - a cheese
 p - a meat ration
 B - a chunk of giant gecko flesh
 D - a choko
 F - a chunk of giant gecko flesh
Scrolls
 e - a scroll of noise {unknown}
 i - a scroll of recharging {unknown}
 j - 4 scrolls of remove curse {unknown}
 l - 2 scrolls of teleportation {unknown}
 o - a scroll of random uselessness {unknown}
 q - a scroll of identify {unknown}
 r - 2 scrolls of curse jewellery {unknown}
 t - a scroll of fear {unknown}
 u - a scroll of enchant armour {unknown}
 z - a scroll of fog {unknown}
Jewellery
 m - a ring of sustain abilities (left hand)
 E - an amulet of resist mutation (around neck) {unknown}
Potions
 g - a potion of might
 h - a potion of speed {unknown}
 k - a potion of mutation {unknown}
 w - a potion of magic {unknown}
 x - a potion of slowing {unknown}
 A - a potion of restore abilities {unknown}
 C - a potion of poison {unknown}


   Skills:
 * Level 3.1 Fighting
 + Level 5.1 Polearms
 - Level 2.0 Throwing
 * Level 5.5 Dodging
 * Level 1.6 Stealth


You had 3 spell levels left.
You didn't know any spells.

Dungeon Overview and Level Annotations

Branches:
Dungeon (4/27)
 Temple: D:4-7

Altars:
Yredelemnul

Annotations:
D:3 Numot's ghost, average MfGl
D:4 Eustachio


Message History

The quokka bites you.
* * * LOW HITPOINT WARNING * * *
The grey rat completely misses you. The iron imp misses you.
Eustachio hits you with a sabre.
* * * LOW HITPOINT WARNING * * *
The ufetubus closely misses you. The quasit bites you.
* * * LOW HITPOINT WARNING * * *
The quasit splashes around in the water.
The quasit misses you. The lemure completely misses you.
The lemure closely misses you. The lemure hits you but does no damage.
Drink which item? (? for menu, Esc to quit)
You feel very mighty all of a sudden.
It was a potion of might.
The ufetubus misses you. The ufetubus barely misses you.
The grey rat completely misses you. The quasit misses you.
The quasit splashes around in the water.
The quasit barely misses you. The quokka completely misses you.
The lemure hits you.
You die...

.>....≈≈≈≈≈≈≈≈.....
###...≈≈≈≈≈≈≈≈≈.#.#
#...≈≈≈$.(≈≈≈.#
.....≈≈≈.>≈≈≈≈≈#
##.≈≈≈≈...≈(≈.#
#.≈≈≈≈≈≈≈≈≈≈.######
#..≈≈≈≈≈≈≈≈........
#..≈r≈5≈≈≈≈≈#######
##..r@5b...##
##.5@5........
#############


You could see Eustachio, a quasit, an iron imp, a lemure, an ufetubus, a grey
rat, a quokka and a bat.

Vanquished Creatures
  Ijyb (D:2)
  2 worms (D:2)
  A grey rat (D:4)
  4 giant geckos
  2 orcs
  6 bats
  4 giant cockroaches
  7 goblins
  10 hobgoblins
  3 jackals (D:1)
  4 kobolds
  2 quokkas
  7 giant newts
  13 rats
66 creatures vanquished.

Notes
Turn   | Place    | Note
--------------------------------------------------------------
     0 | D:1      | Leibowitz, the Merfolk Gladiator, began the quest for the Orb.
     0 | D:1      | Reached XP level 1. HP: 17/17 MP: 0/0
   101 | D:1      | Reached XP level 2. HP: 13/23 MP: 1/1
   546 | D:1      | Reached XP level 3. HP: 23/28 MP: 2/2
   872 | D:2      | Noticed Ijyb
   905 | D:2      | Killed Ijyb
   905 | D:2      | Reached skill level 5 in Polearms
   905 | D:2      | Reached skill level 1 in Stealth
   933 | D:2      | Reached skill level 5 in Dodging
   933 | D:2      | Reached XP level 4. HP: 8/35 MP: 3/3
  1203 | D:2      | Found a basalt altar of Yredelemnul.
  1695 | D:3      | Noticed Numot's ghost (average MfGl)
  2117 | D:4      | Noticed Eustachio
  2150 | D:4      | Slain by a lemure

Action                   |  1- 3 |  4- 6 || total
-------------------------+-------+-------++-------
Melee: Trident           |   129 |   111 ||   240
Throw: Throwing net      |       |     3 ||     3
  Use: Potion            |       |     2 ||     2
 Stab: Sleeping          |     1 |     2 ||     3
       Held in net/web   |       |     1 ||     1
